 Dungeon Crawl Stone Soup version 0.31-a0-4-gefa6de2278 (webtiles) character file.

Game seed: 7748404901882513970

93 retardedninja the Firebug (level 4, 0/32 HPs)
             Began as a Gnoll Fire Elementalist on May 4, 2023.
             Killed from afar by Sigmund (6 damage)
             ... with a magic dart
             ... on level 2 of the Dungeon.
             The game lasted 00:05:18 (2428 turns).

retardedninja the Firebug (Gnoll Fire Elementalist) Turns: 2428, Time: 00:05:19

Health: 0/32       AC:  2    Str:  7    XL:     4   Next: 62%
Magic:  6/11       EV: 13    Int: 17    God:
Gold:   87         SH:  0    Dex: 12    Spells: 12/13 levels left

rFire   . .          .
                       - Unarmed
rCold   . . .        (no shield)
rNeg    . . .        a - +0 robe
rPois   .            (no helmet)
rElec   .            (no cloak)
rCorr   .            (no gloves)
SInv    .            (no boots)
Will    .....        (no amulet)
Stlth   ++           (no ring)
HPRegen 0.25/turn    (no ring)
MPRegen 0.12/turn

%: no passive effects
@: brilliant, flying
A: fangs 1, strong nose, distributed training
a: no special abilities


You were on level 2 of the Dungeon.
You visited 1 branch of the dungeon, and saw 2 of its levels.

You collected 87 gold pieces.

Inventory:

Armour
 a - a +0 robe (worn)
Jewellery
 k - an amulet of magic regeneration
Scrolls
 e - a scroll of butterflies {unknown}
Potions
 b - a potion of magic
 c - a potion of curing {unknown}
 g - a potion of attraction {unknown}
 h - a potion of mutation {unknown}
 i - a potion of degeneration {unknown}
 j - a potion of invisibility {unknown}


   Skills:
 + Level 1.2 Fighting
 + Level 1.2 Short Blades
 + Level 1.2 Long Blades
 + Level 1.2 Axes
 + Level 1.2 Maces & Flails
 + Level 1.2 Polearms
 + Level 1.2 Staves
 + Level 1.2 Ranged Weapons
 + Level 1.2 Throwing
 + Level 1.2 Armour
 + Level 4.7 Dodging
 + Level 4.3 Stealth
 + Level 1.2 Shields
 + Level 1.2 Unarmed Combat
 + Level 5.1 Spellcasting
 + Level 2.3 Conjurations
 + Level 1.0 Hexes
 + Level 1.0 Summonings
 + Level 1.0 Necromancy
 + Level 1.0 Translocations
 + Level 1.0 Transmutations
 + Level 5.5 Fire Magic
 + Level 1.0 Ice Magic
 + Level 1.0 Air Magic
 + Level 1.0 Earth Magic
 + Level 1.0 Poison Magic
 + Level 1.3 Invocations
 + Level 1.2 Evocations


You had 12 spell levels left.
You knew the following spells:

 Your Spells              Type           Power      Damage    Failure   Level
a - Foxfire               Conj/Fire      100%       2x1d9     2%          1

Your spell library contained the following spells:

 Spells                   Type           Power      Damage    Failure   Level
 Scorch                   Fire           68%        2d7       2%          2
 Inner Flame              Hex/Fire       23%        N/A       11%         3
 Volatile Blastmotes      Fire/Tloc      46%        2d13      11%         3
 Lesser Beckoning         Tloc           22%        N/A       14%         2
 Gell's Gravitas          Tloc           11%        N/A       28%         3
 Teleport Other           Tloc           11%        N/A       28%         3
 Flame Wave               Conj/Fire      26%        2d8       28%         4


Dungeon Overview and Level Annotations

Branches:
Dungeon (2/15)

Altars:

Annotations:
D:2 Sigmund


Innate Abilities, Weirdness & Mutations

You have very sharp teeth.
Your uncanny sense of smell can sniff out nearby items.
Your experience applies equally to all skills.


Message History

You conjure some foxfire!
The foxfire hits the adder!
You kill the adder!
The foxfire hits the ball python.
The ball python is severely wounded.
The foxfire hits the ball python.
You kill the ball python!
You conjure some foxfire!
You conjure some foxfire!
Your foxfire dissipates!
Your foxfire dissipates!
You conjure some foxfire!
Your foxfire dissipates! x2
Your foxfire dissipates! x2
Sigmund the Dreaded comes into view.
He is wielding a +0 scythe.
You conjure some foxfire!
Sigmund shouts!
Sigmund casts a spell.
Sigmund flickers and vanishes!
Deactivating autopickup; reactivate with Ctrl-A.
The foxfire hits something. x2
You conjure some foxfire!
You conjure some foxfire!
The foxfire hits something. x2
A magic dart appears from out of thin air!
The magic dart hits you!
The foxfire hits something. x2
A magic dart appears from out of thin air!
The magic dart hits you!
You are too injured to fight recklessly!
You are too injured to fight recklessly!
Something hits you!
* * * LOW HITPOINT WARNING * * *
Unknown command.
It was a potion of flight.
You feel very buoyant.
You fly up into the air.
It was a potion of brilliance.
You feel clever all of a sudden.
A magic dart appears from out of thin air!
The magic dart hits you.
You die...

#.....#.###.######......
#.....#.##....).##......
#..(...........##......
#..............##......
#...................###
#.................#.###
######.##.........#....
#......##.........#....
#...{.@###.######..÷...
#......# #.# #<#....
......... ... ##......
##.....†## #...##.......
#....... .........
#.....†# #.......
........# #.......
.....)..# #.......
#.......


There were no monsters in sight!

Vanquished Creatures
  3 adders (D:2)
  3 dart slugs
  5 ball pythons
  6 endoplasms
  3 giant cockroaches (D:1)
  5 goblins
  6 hobgoblins (D:1)
  8 jackals (D:1)
  5 kobolds
  A quokka (D:1)
  A bat (D:1)
  4 frilled lizards
  5 rats
55 creatures vanquished.

Vanquished Creatures (others)
  247 foxfires
247 creatures vanquished.

Grand Total: 302 creatures vanquished

Notes
Turn   | Place    | Note
-------+----------+-------------------------------------------
     0 | D:1      | retardedninja the Gnoll Fire Elementalist began the quest
                  | for the Orb.
     0 | D:1      | Reached XP level 1. HP: 13/13 MP: 6/6
   186 | D:1      | Reached XP level 2. HP: 19/19 MP: 5/7
   398 | D:1      | Reached skill level 5 in Spellcasting
   398 | D:1      | Reached XP level 3. HP: 17/25 MP: 0/9
   741 | D:1      | Reached skill level 1 in Invocations
  1094 | D:1      | Reached skill level 1 in Fighting
  1094 | D:1      | Reached skill level 1 in Short Blades
  1094 | D:1      | Reached skill level 1 in Long Blades
  1094 | D:1      | Reached skill level 1 in Axes
  1094 | D:1      | Reached skill level 1 in Maces & Flails
  1094 | D:1      | Reached skill level 1 in Polearms
  1094 | D:1      | Reached skill level 1 in Staves
  1094 | D:1      | Reached skill level 1 in Ranged Weapons
  1094 | D:1      | Reached skill level 1 in Throwing
  1094 | D:1      | Reached skill level 1 in Armour
  1094 | D:1      | Reached skill level 1 in Shields
  1094 | D:1      | Reached skill level 1 in Unarmed Combat
  1094 | D:1      | Reached skill level 1 in Evocations
  1530 | D:2      | Reached XP level 4. HP: 32/32 MP: 8/11
  1903 | D:2      | Reached skill level 1 in Hexes
  1903 | D:2      | Reached skill level 1 in Summonings
  1903 | D:2      | Reached skill level 1 in Necromancy
  1903 | D:2      | Reached skill level 1 in Translocations
  1903 | D:2      | Reached skill level 1 in Transmutations
  1903 | D:2      | Reached skill level 1 in Ice Magic
  1903 | D:2      | Reached skill level 1 in Air Magic
  1903 | D:2      | Reached skill level 1 in Earth Magic
  1903 | D:2      | Reached skill level 1 in Poison Magic
  2417 | D:2      | Noticed Sigmund
  2428 | D:2      | Killed from afar by Sigmund

Illustrated notes

Levels and vault maps discovered:
D:1:      ncdulo_wetmaze, layout_basic
D:2:      layout_basic, minmay_pentomino_pile, uniq_sigmund

Skill      XL: |  1  2  3  4 |
---------------+-------------+-----
Conjurations   | 2 |  2.3
Spellcasting   | 5 |  5.1
Invocations    | 1 |  1.3
Fighting       | 1 |  1.2
Short Blades   | 1 |  1.2
Long Blades    | 1 |  1.2
Axes           | 1 |  1.2
Maces & Flails | 1 |  1.2
Polearms       | 1 |  1.2
Staves         | 1 |  1.2
Ranged Weapons | 1 |  1.2
Throwing       | 1 |  1.2
Armour         | 1 |  1.2
Shields        | 1 |  1.2
Unarmed Combat | 1 |  1.2
Evocations     | 1 |  1.2
Hexes          | 1 |  1.0
Summonings     | 1 |  1.0
Necromancy     | 1 |  1.0
Translocations | 1 |  1.0
Transmutations | 1 |  1.0
Ice Magic      | 1 |  1.0
Air Magic      | 1 |  1.0
Earth Magic    | 1 |  1.0
Poison Magic   | 1 |  1.0
Dodging        | |  4.7
Stealth        | |  4.3
Fire Magic     | |  5.5

Action                     |  1- 3 |  4- 6 || total
---------------------------+-------+-------++-------
  Melee: Unarmed           |     4 |       ||     4
   Cast: Foxfire           |   102 |    50 ||   152
    Use: Potion            |       |     2 ||     2
 Armour: Robe              |     6 |     3 ||     9
  Dodge: Dodged            |    45 |    23 ||    68

Table legend: (Time is in decaauts)
 A = Elapsed time spent in this place.
 B = Non-inter-level travel time spent in this place.
 C = Inter-level travel time spent in this place.
 D = Time resting spent in this place.
 E = Time spent auto-exploring this place.
 F = Levels seen in this place.
 G = Mean time per level.
                   A        B        C        D        E       F      G
               +--------+--------+--------+--------+--------+-----+--------+
         Total |   2434 |   2421 |     13 |      0 |   1996 |   2 | 1217.0 |
       Dungeon |   2434 |   2421 |     13 |      0 |   1996 |   2 | 1217.0 |
               +--------+--------+--------+--------+--------+-----+--------+

Top non-repeatable levels by time:
     D:1: 1497 daAuts
     D:2: 936 daAuts
